 Dungeon Crawl Stone Soup version 0.27.0-1-g7a089689b8 (webtiles) character file.

Game seed: 8435808780431441119

63 ZARRMARR the Sneak (level 4, -8/24 HPs)
             Began as a Kobold Enchanter on Aug 14, 2021.
             Mangled by Natasha (9 damage)
             ... on level 2 of the Dungeon.
             The game lasted 00:10:09 (2220 turns).

ZARRMARR the Sneak (Kobold Enchanter)               Turns: 2220, Time: 00:10:09

Health: -8/24      AC:  2    Str:  5    XL:     4   Next: 30%
Magic:  1/7        EV: 15    Int: 15    God:
Gold:   44         SH:  0    Dex: 15    Spells: 2/8 levels left

rFire    . . .     SeeInvis .   c - +0 short sword
rCold    . . .     Faith    .   (shield restricted)
rNeg     . . .     Spirit   .   b - +0 robe
rPois    +         Reflect  .   (no helmet)
rElec    .         Harm     .   (no cloak)
rCorr    .         Rampage  .   (no gloves)
Will     +....                  (no boots)
Stlth    ++++......             (no amulet)
HPRegen  0.08/turn              i - ring of poison resistance
MPRegen  0.10/turn              (no ring)

@: brilliant, flying
A: small, no large weapons, nightstalker 3, dopey 1, strong-willed 1, sense
surroundings 1
a: no special abilities


You were on level 2 of the Dungeon.
You visited 1 branch of the dungeon, and saw 2 of its levels.

You collected 44 gold pieces.

Inventory:

Hand Weapons
 a - a +1 dagger
 c - a +0 short sword (weapon)
Missiles
 f - 13 stones (quivered)
Armour
 b - a +0 robe (worn)
Jewellery
 i - a ring of poison resistance (left hand)
Scrolls
 j - a scroll of magic mapping
 k - a scroll of teleportation
Potions
 d - a potion of curing
 h - a potion of mutation
 l - a potion of attraction {unknown}


   Skills:
 + Level 0.1 Fighting
 + Level 2.0 Short Blades
 + Level 2.4 Dodging
 + Level 4.8 Stealth
 * Level 2.6 Spellcasting
 * Level 0.8 Conjurations
 * Level 3.7 Hexes


You had 2 spell levels left.
You knew the following spells:

 Your Spells              Type           Power      Damage    Failure   Level
a - Corona                Hex            21%        N/A       4%          1
b - Ensorcelled Hibernat  Hex/Ice        22%        N/A       14%         2
c - Dazzling Flash        Conj/Hex       26%        N/A       24%         3

Your spell library contained the following spells:

 Spells                   Type           Power      Damage    Failure   Level
 Slow                     Hex            19%        N/A       7%          2
 Confusing Touch          Hex            19%        N/A       13%         3
 Tukima's Dance           Hex            19%        N/A       13%         3
 Vampiric Draining        Necr           1%         2d6       54%         3


Dungeon Overview and Level Annotations

Branches:
Dungeon (2/15)

Altars:

Annotations:
D:2 Natasha


Innate Abilities, Weirdness & Mutations

You are small and have problems with some larger weapons.
You are completely attuned to the shadows.
You are dopey. (Int -2)
You are strong-willed. (Will+)
You passively map a small area around you.


Message History

Press: ? - help, Shift-Dir - straight line, f - Natasha
Aim: Natasha (chance to affect: 39%)
You miscast Ensorcelled Hibernation.
You are very lightly contaminated with residual magic.
Nothing appears to happen.
Unknown command.
You hit Natasha but do no damage. Natasha claws you but does no damage.
You hit Natasha but do no damage. Natasha barely misses you.
You barely miss Natasha. Natasha claws you.
You hit Natasha.
Natasha is moderately wounded.
Natasha claws you.
You hit Natasha but do no damage.
Natasha is moderately wounded.
Natasha stares at you and mumbles some strange words.
The magic dart hits you!
* * * LOW HITPOINT WARNING * * *
Unknown command.
It was a potion of mutation.
You feel extremely strange.
You feel stupid.
You feel a strange attunement to the structure of the dungeons.
You feel strong-willed. Natasha claws you but does no damage.
Your magical contamination has completely faded away.
It was a potion of brilliance.
You feel clever all of a sudden. Natasha misses you.
Casting: Ensorcelled Hibernation (safe; 14% risk of failure)
Confirm with . or Enter, or press ? or * to list all spells.
Aiming: Ensorcelled Hibernation (safe; 14% risk of failure)
Press: ? - help, Shift-Dir - straight line, f/p - Natasha
Aim: Natasha (moderately wounded, chance to affect: 42%)
You feel a surge of power!
Natasha resists with some effort.
Natasha casts a spell at you. The magic dart hits you.
* * * LOW HITPOINT WARNING * * *
It was a potion of flight.
You feel very buoyant.
You fly up into the air.
Natasha claws you!
You die...

#### * ..#.#, * ,
...#.## #..#.# #..##
,,##..# , ##@# ##h.# *
..# ##..## ,#..###..#.#
#..#..#.## #...#.#.#
##.#############
##.##..........#
####..###.#######.######


You could see Natasha.

Vanquished Creatures
  Natasha (D:2)
  A worm (D:2)
  A dart slug (D:2)
  2 endoplasms (D:2)
  2 giant cockroaches (D:1)
  3 goblins
  3 hobgoblins
  2 jackals (D:2)
  2 quokkas (D:1)
  4 ball pythons
  4 bats (D:1)
  2 frilled lizards
  2 kobolds (D:1)
  4 rats
33 creatures vanquished.

Notes
Turn   | Place    | Note
-------+----------+-------------------------------------------
     0 | D:1      | ZARRMARR the Kobold Enchanter began the quest for the Orb.
     0 | D:1      | Reached XP level 1. HP: 10/10 MP: 3/3
   102 | D:1      | Reached XP level 2. HP: 13/15 MP: 5/5
   194 | D:1      | Learned a level 2 spell: Ensorcelled Hibernation
  1207 | D:1      | Reached XP level 3. HP: 19/19 MP: 6/6
  1291 | D:1      | Learned a level 3 spell: Dazzling Flash
  1379 | D:2      | Noticed Natasha
  1385 | D:2      | Killed Natasha
  1483 | D:2      | Reached XP level 4. HP: 24/24 MP: 7/7
  2124 | D:2      | Found a faded altar of an unknown god.
  2207 | D:2      | Noticed Natasha
  2217 | D:2      | Gained mutation: You are dopey. (Int -2) [potion of
                  | mutation]
  2217 | D:2      | Gained mutation: You passively map a small area around you.
                  | [potion of mutation]
  2217 | D:2      | Gained mutation: You are strong-willed. (Will+) [potion of
                  | mutation]
  2219 | D:2      | HP: 1/24 [Natasha/magic dart (6)]
  2220 | D:2      | Mangled by Natasha

Illustrated notes

Levels and vault maps discovered:
D:1:      dpeg_arrival_pits, layout_loops_ring
D:2:      minmay_diamond_boxcup, layout_rooms, chequers_ecumenical_altar_island,
          uniq_natasha

Skill      XL: |  1  2  3 |
---------------+----------+-----
Short Blades   | 2 |  2.0
Fighting       | |  0.1
Dodging        | |  2.4
Stealth        | |  4.8
Spellcasting   | |  2.6
Conjurations   | |  0.8
Hexes          | |  3.7

Action                   |  1- 3 |  4- 6 || total
-------------------------+-------+-------++-------
Melee: Short sword       |    48 |    21 ||    69
       Dagger            |     5 |       ||     5
Throw: Stone             |       |     1 ||     1
 Cast: Corona            |     3 |       ||     3
       Ensorcelled Hiber |     7 |    10 ||    17
  Use: Scroll            |     1 |     2 ||     3
       Potion            |       |     3 ||     3
 Stab: Sleeping          |    14 |     9 ||    23
Armor: Robe              |     3 |     2 ||     5
Dodge: Dodged            |    44 |    10 ||    54
